 Dungeon Crawl Stone Soup version 0.23-a0-164-g7711e57 (webtiles) character file.

111 Amnesiac the Chiller (level 4, -1/30 HPs)
             Began as a Mummy Ice Elementalist on Sept 10, 2018.
             Was an Initiate of Vehumet.
             Slain by an adder (4 damage)
             ... on level 2 of the Dungeon.
             The game lasted 00:05:00 (2636 turns).

Amnesiac the Chiller (Mummy Ice Elementalist)       Turns: 2636, Time: 00:05:01

Health: -1/30      AC:  7    Str: 11    XL:     4   Next: 62%
Magic:  1/10       EV: 10    Int: 15    God:    Vehumet [......]
Gold:   94         SH:  0    Dex: 12    Spells: 7/11 levels left

rFire    . . .     SeeInvis .   g - +0 short sword (curse)
rCold    . . .     Gourm    .   (no shield)
rNeg     + + +     Faith    .   e - +1 ring mail {rPois}
rPois    ∞         Spirit   .   (no helmet)
rElec    .         Reflect  .   (no cloak)
rCorr    .         Harm     .   (no gloves)
MR       .....                  d - +0 pair of boots
Stlth    +.........             (no amulet)
HPRegen  0.10/turn              h - ring of fire (curse)
MPRegen  0.12/turn              (no ring)

@: very slightly contaminated
A: no food or potions, fire vulnerability, cold resistance 1, negative energy
resistance 3, torment resistance, unbreathing
a: Renounce Religion


You were on level 2 of the Dungeon.
You worshipped Vehumet.
Vehumet was noncommittal.
You were not hungry.

You visited 2 branches of the dungeon, and saw 6 of its levels.

You collected 94 gold pieces.

Inventory:

Hand Weapons
 b - a +0 short sword
 f - a +0 arbalest
 g - a cursed +0 short sword (weapon)
Missiles
 k - 30 bolts
Armour
 a - a +0 robe
 d - a +0 pair of boots (worn)
 e - a +1 ring mail of poison resistance (worn)
Jewellery
 h - a cursed ring of fire (left hand)
Scrolls
 c - 4 scrolls of identify {!r, unknown}
 i - a scroll of fear {!r}
 j - a scroll of remove curse {!r, unknown}


   Skills:
 - Level 1.5 Dodging
 - Level 1.5 Stealth
 + Level 4.0 Spellcasting
   Level 0.7 Conjurations
 * Level 4.0 Ice Magic


You had 7 spell levels left.
You knew the following spells:

 Your Spells              Type           Power        Failure   Level  Hunger
a - Freeze                Ice            ###.         9%          1    N/A
z - Ozocubu's Armour      Chrm/Ice       #.......     50%         3    N/A

Your spell library contained the following spells:

 Spells                   Type           Power        Failure   Level  Hunger
 Throw Frost              Conj/Ice       ##....       26%         2    N/A
 Ensorcelled Hibernation  Hex/Ice        #.....       28%         2    N/A
 Corona                   Hex            #......      41%         1    N/A
 Dazzling Spray           Conj/Hex       #.....       75%         3    N/A
 Confuse                  Hex            #.......     78%         3    N/A
 Tukima's Dance           Hex            #.......     78%         3    N/A
 Throw Icicle             Conj/Ice       ##......     86%         4    N/A
 Summon Ice Beast         Ice/Summ       #.......     88%         4    N/A

Dungeon Overview and Level Annotations

Branches:
Dungeon (5/15)             Temple (1/1) D:4

Altars:
Cheibriados
Fedhas
Hepliaklqana
Okawaru
Qazlal
Ru
Sif Muna
Trog
Uskayaw
Vehumet
Wu Jian
Yredelemnul

Shops:
D:4 :


Innate Abilities, Weirdness & Mutations

You do not eat or drink.
Your flesh is vulnerable to fire.
You are immune to poison.
Your flesh is cold resistant. (rC+)
You are immune to negative energy. (rN+++)
You are immune to unholy pain and torment.
You can survive without breathing.


Message History

Confirm with . or Enter, or press ? or * to list all spells.
Aiming: Freeze (safe; 9% risk of failure)
Press: ? - help, Shift-Dir - straight line, f/p - howler monkey
Aim: a howler monkey (heavily wounded)
You miscast Freeze.
A chill runs through your body. The howler monkey hits you.
The howler monkey hoots and howls with incredible vigour!
The bat hits you but does no damage.
There are monsters nearby!
You hit the howler monkey.
The howler monkey is severely wounded.
The bat barely misses you. The kobold barely misses you.
The howler monkey hits you.
Casting: Freeze (safe; 9% risk of failure)
Confirm with . or Enter, or press ? or * to list all spells.
Aiming: Freeze (safe; 9% risk of failure)
Press: ? - help, Shift-Dir - straight line, f/p - howler monkey
Aim: a howler monkey (severely wounded, catching its breath)
You freeze the howler monkey.
The howler monkey is severely wounded.
The bat barely misses you.
The howler monkey completely misses you.
The kobold barely misses you.
You hit the howler monkey.
The howler monkey is almost dead.
The bat hits you but does no damage. The howler monkey hits you.
The kobold barely misses you.
You closely miss the howler monkey.
The howler monkey is almost dead.
The bat hits you but does no damage.
The howler monkey hits you but does no damage.
The kobold hits you but does no damage. The howler monkey hits you!
* * * LOW HITPOINT WARNING * * *
The bat closely misses you. The bat hits you but does no damage.
The kobold closely misses you. The howler monkey closely misses you.
The howler monkey hits you but does no damage.
Things that are here:
a dagger; a robe; a kobold corpse The howler monkey hoots and howls with incredible vigour!
The bat barely misses you. The bat hits you but does no damage.
Casting: Freeze (safe; 9% risk of failure)
Confirm with . or Enter, or press ? or * to list all spells.
Aiming: Freeze (safe; 9% risk of failure)
Press: ? - help, Shift-Dir - straight line, f - adder
Aim: an adder You freeze the adder.
The adder is almost dead.
The adder bites you.
* * * LOW HITPOINT WARNING * * *
You see here 30 bolts.
k - 30 bolts The adder barely misses you.
The adder bites you but does no damage.
The howler monkey hoots and howls with incredible vigour!
The bat hits you but does no damage.
A giant cockroach comes into view.
The adder completely misses you. The bat barely misses you.
The bat hits you but does no damage. The adder bites you.
* * * LOW HITPOINT WARNING * * *
Found a hide-covered altar of Uskayaw.
The bat closely misses you. The bat hits you but does no damage.
The adder bites you.
You die...

##########
........>########
.......(.##.....#
#######..##.s..## .##
.............K.S###....#
....##.#.##.##h.@...._..
###.#%......##b###.#....
#.#..#)#####.# # .
#.........##.#
##...#.b#.##.#
+............
#.....#.####. #.........
#[..#.#.##.#


You could see a howler monkey, an adder, a giant cockroach, a bat and a kobold.

Vanquished Creatures
  A centaur skeleton (D:4)
  3 adders
  2 leopard geckos
  3 orcs (D:3)
  5 bats
  2 giant cockroaches
  7 goblins
  4 hobgoblins
  2 jackals (D:3)
  6 kobolds
  A frilled lizard (D:2)
  4 rats
40 creatures vanquished.

Vanquished Creatures (others)
  An orc wizard (D:3)
1 creature vanquished.

Grand Total: 41 creatures vanquished

Notes
Turn   | Place    | Note
-------+----------+-------------------------------------------
     0 | D:1      | Amnesiac the Mummy Ice Elementalist began the quest for the
                  | Orb.
     0 | D:1      | Reached XP level 1. HP: 13/13 MP: 4/4
   443 | D:2      | Reached XP level 2. HP: 19/19 MP: 1/6
   650 | D:3      | Reached XP level 3. HP: 20/24 MP: 1/7
   655 | D:3      | Learned a level 3 spell: Ozocubu's Armour
   820 | D:4      | Found Naegeras's Book Shoppe.
   834 | D:5      | Entered Level 5 of the Dungeon
   834 | D:5      | Noticed an orc warrior
  1619 | D:4      | Found a staircase to the Ecumenical Temple.
  1683 | Temple   | Entered the Ecumenical Temple
  1712 | Temple   | Became a worshipper of Vehumet
  1753 | D:4      | Reached XP level 4. HP: 20/30 MP: 7/9
  2634 | D:2      | Found a hide-covered altar of Uskayaw.
  2636 | D:2      | Slain by an adder

Vault maps used:
D:1:      lightli_arrival_noodles
D:2:      nicolae_overflow_crystal_walls, first_ration
D:3:      minmay_misc_feat_plants
D:4:      temple_doors_ab, serial_shops, shop, gammafunk_ghost_cemetery,
          makhleb_heckhound_becter
D:5:      grunt_temple_overflow_open, kennysheep_mini, uniq_grinder
Temple:   nicolae_temple_elliptical

Skill      XL: |  1  2  3  4 |
---------------+-------------+-----
Spellcasting   | 3 4 |  4.0
Ice Magic      | 3 4 |  4.0
Dodging        | |  1.5
Stealth        | |  1.5
Conjurations   | |  0.7

Action                   |  1- 3 |  4- 6 || total
-------------------------+-------+-------++-------
Melee: Short sword       |    18 |    20 ||    38
 Cast: Freeze            |    35 |    37 ||    72
       Ozocubu's Armour  |     1 |       ||     1
  Use: Scroll            |     2 |       ||     2
Armor: Robe              |    15 |       ||    15
       Ring mail         |    10 |    37 ||    47
Dodge: Dodged            |    48 |    49 ||    97

Table legend:
 A = Non-vault XP
 B = Vault XP
 C = Vault XP percentage of total XP
 D = Non-vault monster count
 E = Vault monster count
 F = Vault count percentage of total count
                 A         B        C        D         E       F
            +---------+---------+-------+---------+---------+-------
      Total |     159 |       0 |   0.0 |      41 |       0 |   0.0
            +---------+---------+-------+---------+---------+-------
        D:1 |      30 |       0 |   0.0 |      17 |       0 |   0.0
        D:2 |      38 |       0 |   0.0 |      10 |       0 |   0.0
        D:3 |      49 |       0 |   0.0 |      13 |       0 |   0.0
        D:4 |      42 |       0 |   0.0 |       1 |       0 |   0.0
            +---------+---------+-------+---------+---------+-------
